Map: Emerald City LE

Players

DarKFMACROSS

  • Race: Zerg Zerg
  • Spawn Location: 5:00

Rafus

  • Race: Zerg Zerg
  • League: Platinum
  • Spawn Location: 5:00

qqq - Winner!

  • Race: Zerg Zerg
  • League: Platinum
  • Spawn Location: 11:00

Massa - Winner!

  • Race: Terran Terran
  • League: Platinum
  • Spawn Location: 11:00

VOD

Have the link to the VOD?

Description

Time

  • Played on: Dec. 11, 2020, 5:16 p.m.
  • Length: 6:11
Show
View Real Time Build Order
Export as new Build Order

DarKFMACROSS Zerg 

Build Orders: Hatch First 

Get SALT Encoding   

  12  0:01  Drone  
  13  0:12  Overlord  
  13  0:22  Drone  
  14  0:31  Drone x2  
  16  0:55  Hatchery  
  16  0:56  Drone  
  16  0:57  Drone  
  17  1:00  Drone  
  18  1:11  Extractor  
  17  1:17  Spawning Pool  
  16  1:22  Drone  
  16  1:23  Drone  
  18  1:28  Drone  
  19  1:45  Drone  
  20  2:07  Queen  
  22  2:12  Queen  
  22  2:14  Zergling x2  
  25  2:24  Zergling x2  
  26  2:39  Drone  
  26  2:40  Drone  
  28  2:51  Overlord  
  28  3:08  Overlord  
  28  3:10  Lair  
  28  3:12  Zergling x10  
  33  3:16  Hatchery  
  32  3:28  Metabolic Boost  
  32  3:33  Drone  
  32  3:34  Drone x5  
  37  3:41  Overlord  
  38  3:43  Drone  
  39  3:53  Queen  
  41  4:07  Roach Warren  
  40  4:12  Drone x2  
  41  4:29  Queen  
  22  5:02  Drone x8  
  22  5:03  Drone x3  
  33  5:10  Drone  
  34  5:41  Drone x2, Zergling x2  
  34  5:42  Zergling x4, Roach x4  
Show
View Real Time Build Order
Export as new Build Order

Rafus Zerg 

Build Orders: Hatch First 

Get SALT Encoding   

  12  0:00  Drone  
  13  0:09  Drone  
  14  0:17  Overlord  
  14  0:36  Drone x3  
  17  0:57  Drone  
  17  0:59  Drone  
  17  1:01  Hatchery  
  18  1:15  Spawning Pool  
  18  1:17  Drone, Extractor  
  17  1:20  Drone  
  18  1:33  Drone  
  19  1:45  Drone  
  20  2:04  Baneling Nest  
  20  2:05  Drone, Zergling x2  
  21  2:12  Queen  
  21  2:13  Queen  
  21  2:14  Overlord  
  25  2:17  Zergling x2  
  26  2:25  Zergling x2  
  26  2:26  Zergling x2  
  28  2:40  Zergling x4  
  30  2:45  Drone  
  30  2:46  Drone  
  30  2:47  Extractor  
  31  2:56  Zergling x2  
  32  3:13  Lair  
  32  3:15  Metabolic Boost  
  32  3:16  Zergling x6  
  32  3:17  Zergling x2  
  36  3:21  Overlord  
  36  3:22  Overlord  
  36  3:31  Baneling  
  36  3:34  Baneling  
  27  4:09  Roach Warren  
  25  4:10  Drone  
  25  4:11  Drone x3  
  28  4:17  Spine Crawler  
  28  4:19  Spine Crawler  
  21  4:33  Spine Crawler x2  
  21  4:34  Spine Crawler  
  12  4:46  Drone  
  12  4:47  Drone x2  
  15  4:54  Drone  
  15  4:59  Drone  
  21  5:00  Drone x3  
  23  5:13  Drone x2  
  22  5:42  Drone x6  
  17  5:43  Drone  
Show
View Real Time Build Order
Export as new Build Order

qqq Zerg - Winner!

Build Orders: Hatch First 

Get SALT Encoding   

  12  0:02  Drone  
  13  0:08  Drone  
  14  0:19  Overlord  
  14  0:43  Hatchery  
  13  0:59  Drone x2  
  13  1:00  Drone  
  16  1:07  Extractor  
  15  1:18  Spawning Pool  
  15  1:22  Drone  
  15  1:25  Drone  
  16  1:41  Drone  
  16  1:44  Drone  
  18  1:57  Drone  
  18  1:58  Drone  
  20  2:08  Spine Crawler  
  20  2:10  Drone  
  20  2:13  Lair  
  20  2:18  Queen  
  22  2:23  Drone  
  22  2:26  Extractor  
  22  2:27  Drone  
  23  2:31  Drone  
  25  2:42  Drone  
  25  2:43  Drone x2  
  27  2:46  Drone  
  27  2:48  Overlord  
  28  2:59  Overlord  
  28  3:09  Drone x2  
  30  3:16  Drone, Spire  
  30  3:17  Drone  
  30  3:19  Drone  
  32  3:27  Extractor  
  32  3:29  Extractor  
  32  3:33  Spine Crawler  
  29  3:36  Queen  
  29  3:39  Drone  
  29  3:40  Drone  
  33  3:41  Drone  
  34  3:55  Drone x2  
  36  4:03  Overlord x2  
  36  4:04  Drone  
  36  4:05  Drone x2  
  36  4:06  Drone  
  40  4:26  Drone x2  
  40  4:30  Hatchery  
  41  4:32  Mutalisk x2  
  41  4:34  Mutalisk  
  47  4:42  Drone  
  47  4:45  Mutalisk  
  50  4:53  Drone x2  
  50  4:54  Drone  
  53  5:00  Mutalisk  
  53  5:01  Mutalisk  
  53  5:04  Mutalisk  
  59  5:15  Overlord  
  59  5:18  Overlord  
  59  5:20  Drone  
  60  5:26  Overlord  
  60  5:34  Drone  
  61  5:37  Mutalisk x2, Overlord  
  65  5:44  Drone  
  65  5:46  Mutalisk x2  
  72  5:58  Drone  
Show
View Real Time Build Order
Export as new Build Order

Massa Terran - Winner!

Build Orders: 2 Factory, Hellion Opening 

Get SALT Encoding   

  12  0:00  SCV  
  13  0:12  SCV  
  14  0:23  Supply Depot  
  14  0:25  SCV  
  15  0:31  Refinery  
  15  0:45  SCV  
  15  0:46  Barracks  
  16  0:57  SCV  
  18  1:11  SCV  
  18  1:12  Refinery  
  18  1:23  SCV  
  19  1:35  SCV, Factory  
  19  1:36  Marine  
  21  1:43  Supply Depot  
  21  1:48  Orbital Command  
  21  2:00  Barracks Tech Lab  
  21  2:08  Factory  
  21  2:13  SCV  
  22  2:28  Hellion  
  24  2:30  Barracks Reactor  
  24  2:31  Supply Depot  
  24  2:34  Infernal Pre-Igniter  
  24  2:50  Hellion  
  26  2:53  Supply Depot  
  26  2:58  Supply Depot  
  26  3:14  Hellion x2  
  26  3:15  Barracks Tech Lab, Hellion  
  32  3:21  Supply Depot  
  32  3:35  Hellion  
  32  3:36  Hellion x2, Stimpack  
  38  3:57  Hellion x3  
  44  4:18  Hellion  
  44  4:19  Hellion  
  41  4:39  Hellion x2  
  41  4:40  Hellion  
  39  5:00  Hellion  
  39  5:04  Hellion x2  
  43  5:09  SCV  
  44  5:16  Command Center  
  44  5:22  Hellion  
  44  5:25  Hellion  
Tags
 
Add a new tag
Caveats
  • Supply blocks, unpowered buildings, or Contaminate may cause inaccurate times.
  • Supply counts are checked every 10 seconds.